 Dungeon Crawl Stone Soup version 0.19.5 (webtiles) character file.

457 Peloso the Shield-Bearer (level 6, -5/56 HPs)
             Began as a Minotaur Fighter on Mar 29, 2017.
             Killed from afar by Pikel (21 damage)
             ... with a wand of lightning
             ... on level 4 of the Dungeon.
             The game lasted 00:05:19 (2780 turns).

Peloso the Shield-Bearer (Minotaur Fighter)         Turns: 2780, Time: 00:05:20

Health: -5/56      AC: 11    Str: 20    XL:     6   Next: 77%
Magic:  5/5        EV:  8    Int:  5    God:
Gold:   89         SH: 10    Dex: 12    Spells: 0 memorised, 5 levels left

rFire  x . .     SeeInvis .     a - +0 long sword
rCold  + . .     Gourm    .     j - +0 chain mail
rNeg   . . .     Faith    .     c - +0 shield
rPois  .         Spirit   .     (helmet restricted)
rElec  .         Reflect  .     (no cloak)
rCorr  .         Harm     .     (no gloves)
MR     .....                    u - +0 pair of boots
Stlth  ..........               (no amulet)
                                r - ring of ice
                                z - +2 ring of evasion

@: no status effects
A: retaliatory headbutt, horns 2
a: no special abilities


You were on level 4 of the Dungeon.
You were not hungry.

You visited 1 branch of the dungeon, and saw 4 of its levels.

You collected 89 gold pieces.

Inventory:

Hand Weapons
 a - a +0 long sword (weapon)
Armour
 b - a +0 scale mail
 c - a +0 shield (worn)
 j - a +0 chain mail (worn)
 u - a +0 pair of boots (worn)
Jewellery
 h - an uncursed ring of magical power
 r - a ring of ice (right hand)
 x - an uncursed ring of ice
 z - a +2 ring of evasion (left hand)
Scrolls
 i - a scroll of remove curse
 k - a scroll of recharging {unknown}
 m - a scroll of fog {unknown}
 n - a scroll of enchant armour {unknown}
 q - 2 scrolls of identify
 t - 2 scrolls of blinking {unknown}
 v - 4 scrolls of fear {unknown}
 y - a scroll of magic mapping {unknown}
Potions
 d - a potion of might
 e - 2 potions of curing
 l - a potion of haste
 o - 2 potions of heal wounds
Comestibles
 f - 2 bread rations
 g - 2 meat rations
 s - a beef jerky
 w - a slice of pizza


   Skills:
 + Level 5.3 Fighting
 + Level 5.3 Long Blades
 + Level 5.1 Armour
 + Level 0.9 Dodging
 + Level 0.3 Stealth
 + Level 5.4 Shields


You had 5 spell levels left.
You didn't know any spells.

Dungeon Overview and Level Annotations

Branches:
Dungeon (4/15)
 Temple: D:4-7

Altars:
Vehumet

Annotations:
D:4 Pikel


Innate Abilities, Weirdness & Mutations

You reflexively headbutt those who attack you in melee.
You have a pair of horns on your head.


Message History

Pikel is lightly wounded.
You block Pikel's attack.
Your chain mail prevents you from hitting Pikel.
Pikel is lightly wounded.
Pikel hits you with a whip of freezing.
You barely miss Pikel.
Pikel is lightly wounded.
Pikel zaps a wand.
The bolt of lightning hits you!
* * * LOW HITPOINT WARNING * * *
You feel much better. Pikel hits you but does no damage.
You hit Pikel but do no damage. Your headbutt misses Pikel.
Pikel is lightly wounded.
Pikel hits you with a whip of freezing.
* * * LOW HITPOINT WARNING * * *
You hit Pikel. You headbutt Pikel, but do no damage.
Pikel is lightly wounded.
You block Pikel's attack.
Pikel says, "You'll fetch a fair price!"
Pikel zaps a wand.
The bolt of lightning hits you!
You die... .....# ....# ....# ...+ pw(# #pp

#p# #+# #K# #.### #######@# #.#..
#.... ........###.#.##########
....# #####.........#.#.........
....+ #......#...#..#.#.##......
....#+##.##..###.###.#.#..#.#.##.
...........#..#...#....#..#.#..#.
.........).#...._......#<.#.#..#.
...........#..#...#..#.####.#..#.
.............###.###.#......####.


You could see Pikel, 4 slaves and a worm.

Vanquished Creatures
  Menkaure (D:4)
  An ogre (D:4)
  An orc priest (D:3)
  An orc wizard (D:4)
  An iguana (D:4)
  A worker ant (D:4)
  7 adders
  An ooze (D:3)
  A worm (D:4)
  A dart slug (D:1)
  2 leopard geckos
  13 orcs
  A ball python (D:4)
  2 giant cockroaches (D:1)
  10 goblins
  3 hobgoblins
  12 jackals
  3 kobolds
  9 bats
  4 frilled lizards
  A rat (D:3)
76 creatures vanquished.

Notes
Turn   | Place    | Note
-------+----------+-------------------------------------------
     0 | D:1      | Peloso the Minotaur Fighter began the quest for the Orb.
     0 | D:1      | Reached XP level 1. HP: 19/19 MP: 0/0
   172 | D:1      | Reached XP level 2. HP: 23/27 MP: 1/1
   722 | D:2      | Reached XP level 3. HP: 20/33 MP: 2/2
   907 | D:2      | Found a faded altar of an unknown god.
  1420 | D:3      | Reached XP level 4. HP: 41/41 MP: 3/3
  2066 | D:3      | Reached XP level 5. HP: 41/47 MP: 4/4
  2334 | D:4      | Reached skill level 5 in Shields
  2396 | D:4      | Noticed Menkaure
  2402 | D:4      | Killed Menkaure
  2402 | D:4      | Reached skill level 5 in Fighting
  2402 | D:4      | Reached XP level 6. HP: 54/56 MP: 5/5
  2481 | D:4      | Found a radiant altar of Vehumet.
  2485 | D:4      | Reached skill level 5 in Long Blades
  2491 | D:4      | Reached skill level 5 in Armour
  2761 | D:4      | Noticed a slave
  2762 | D:4      | Noticed Pikel
  2762 | D:4      | Noticed a slave
  2762 | D:4      | Noticed a slave
  2763 | D:4      | Noticed a slave
  2780 | D:4      | Killed from afar by Pikel

Skill      XL: |  1  2  3  4  5  6 |
---------------+-------------------+-----
Shields        | 4 5 |  5.4
Fighting       | 4 5 |  5.3
Armour         | 4 5 |  5.1
Long Blades    | 3 4 5 |  5.3
Dodging        | |  0.9
Stealth        | |  0.3

Action                   |  1- 3 |  4- 6 || total
-------------------------+-------+-------++-------
Melee: Long sword        |    85 |   135 ||   220
       Headbutt          |     9 |    29 ||    38
  Use: Scroll            |       |     6 ||     6
       Potion            |       |     2 ||     2
  Eat: Chunk             |     1 |     5 ||     6
Armor: Scale mail        |    43 |       ||    43
       Chain mail        |    20 |    66 ||    86
Dodge: Dodged            |    36 |    24 ||    60
Block: Shield            |    52 |    82 ||   134
       Rpst.: Long sword |     9 |     7 ||    16
